 Dungeon Crawl Stone Soup version 0.23-a0-333-g006994f (webtiles) character file.

4307 Garbasso the Fighter (level 10, 0/107 HPs)
             Began as an Ogre Summoner on Oct 17, 2018.
             Was a Follower of Ashenzari.
             Slain by a vampire (12 damage)
             ... on level 10 of the Dungeon.
             The game lasted 00:49:36 (13060 turns).

Garbasso the Fighter (Ogre Summoner)               Turns: 13060, Time: 00:49:36

Health: 0/107      AC:  6    Str: 14    XL:     10   Next: 32%
Magic:  2/22       EV: 10    Int: 19    God:    Ashenzari [*.....]
Gold:   767        SH:  0    Dex:  9    Spells: 12/25 levels left

rFire    . . .     SeeInvis .   s - +1 halberd
rCold    + . .     Gourm    .   (shield currently unavailable)
rNeg     . . .     Faith    .   z - +2 robe {rC+} (curse)
rPois    +         Spirit   .   (helmet restricted)
rElec    .         Reflect  .   j - +0 cloak (curse)
rCorr    .         Harm     .   (gloves unavailable)
MR       +....                  (boots unavailable)
Stlth    +.........             (no amulet)
HPRegen  0.27/turn              y - ring of poison resistance (curse)
MPRegen  0.18/turn              (no ring)

@: no status effects
A: large, unfitting armour, tough skin 1
a: Curse Item, Scrying, Renounce Religion


You were on level 10 of the Dungeon.
You worshipped Ashenzari.
Ashenzari was aware of your devotion.
You were hungry.

You visited 2 branches of the dungeon, and saw 11 of its levels.
You also visited: Ossuary.

You collected 767 gold pieces.

Inventory:

Hand Weapons
 s - a +1 halberd (weapon)
Missiles
 e - 30 tomahawks (quivered)
 i - 4 throwing nets
Armour
 j - a cursed +0 cloak (worn)
 q - a cursed +0 large shield
 z - a cursed +2 robe of cold resistance (worn)
Jewellery
 y - a cursed ring of poison resistance (left hand)
Wands
 t - a wand of digging (16)
 F - a wand of iceblast (7)
 G - a wand of random effects (25)
Scrolls
 a - 3 scrolls of remove curse
 d - a scroll of amnesia
 g - a scroll of identify
 h - 2 scrolls of blinking
 m - 2 scrolls of enchant weapon
 o - 3 scrolls of fog
 p - a scroll of teleportation
 B - a scroll of torment {unknown}
 D - a scroll of immolation
 E - a scroll of fear
Potions
 b - 2 potions of heal wounds
 f - 2 potions of curing
 k - 2 potions of might
 l - 2 potions of mutation
 n - 3 potions of brilliance
 r - 2 potions of magic {unknown}
 u - a potion of haste
 v - a potion of cancellation {unknown}
 w - a potion of berserk rage {unknown}
 x - 2 potions of agility
 A - a potion of resistance
 C - 3 potions of invisibility
Comestibles
 c - 10 rations


   Skills:
 + Level 9.2 Fighting
 - Level 1.7 Dodging
 - Level 1.4 Stealth
 * Level 6.5 Shields
 + Level 8.2 Spellcasting
 - Level 6.0 Summonings
 - Level 3.0 Ice Magic
 - Level 4.0 Air Magic


You had 12 spell levels left.
You knew the following spells:

 Your Spells              Type           Power        Failure   Level  Hunger
b - Call Imp              Summ           ####....     1%          2    None
c - Call Canine Familiar  Summ           ####....     2%          3    None
d - Summon Ice Beast      Ice/Summ       ####....     14%         4    ###....
e - Summon Lightning Spi  Summ/Air       ####....     11%         4    ###....

Your spell library contained the following spells:

 Spells                   Type           Power        Failure   Level  Hunger
 Summon Small Mammal      Summ           ####         1%          1    None
 Summon Guardian Golem    Hex/Summ       ###.....     8%          3    None


Dungeon Overview and Level Annotations

Branches:
Dungeon (10/15)            Temple (1/1) D:6            Lair (0/6) D:10
    Orc: D:9-12

Altars:
Ashenzari
Cheibriados
Dithmenos
Elyvilon
Fedhas
Kikubaaqudgha
Makhleb
Okawaru
Qazlal
Ru
Sif Muna
Trog
Uskayaw
Vehumet
Wu Jian
Yredelemnul
Zin
Beogh

Shops:
D:5 }   D:6 *

Annotations:
D:6 1 runed door, Dissent's ghost, novice OpFi
D:7 3 runed doors, TheNamelessOne's ghost, novice OpCj
D:9 3 runed doors, Ijustatesigmund's ghost, novice OpCj; heinrich's ghost, novice OpEE; heinrich's ghost, novice TrMo; mhoghedin's ghost, novice KoGl; namelastname112's ghost, journeyman DrHu


Innate Abilities, Weirdness & Mutations

You are too large for most types of armour.
You have tough skin. (AC +1)


Message History

Aim: a gargoyle, wielding a +0 flail (severely damaged)
You reach to attack!
You slash the gargoyle!
The gargoyle is almost destroyed.
Attack whom?
Press: ? - help, Dir - move target cursor, f/p - gargoyle
Aim: a gargoyle, wielding a +0 flail (almost destroyed)
You hit the gargoyle.
You destroy the gargoyle!
Something hits you but does no damage. Something bites you.
Something draws strength from your injuries!
Attack whom?
Press: ? - help, Dir - move target cursor You miss something.
Something hits you. Something bites you but does no damage.
You closely miss something. Something hits you!
* * * LOW HITPOINT WARNING * * *
Something bites you!
* * * LOW HITPOINT WARNING * * *
Something draws strength from your injuries!
Something hits you!
You die...

#####.......P...PPP........#
#......P..P............#
#.......PP.P.P.P..#####
#.........PPPP.....
#.....###.......####
+.....#.........#
#.....#.........#
.......#.........#
###+####.....@Y..####'
............8{........
#.##########)#######.# #.#
#.# #.... #.# #.+ #.... #.#
#.+ #.... #(# #.#####....
.##########(# #..........
..........((#######......%...


You could see a friendly ice beast and a friendly lightning spire.

Vanquished Creatures
  A gargoyle (D:10)
  A hippogriff (D:8)
  A shadow (D:7)
  A wyvern (D:9)
  A yak (D:9)
  2 porcupines (D:10)
  An ice beast (D:8)
  5 phantoms
  An ogre (D:8)
  2 centaurs
  4 bullfrogs
  2 crimson imps
  A bullfrog skeleton (D:5)
  2 jellies
  An orc priest (D:8)
  2 hounds
  2 iguanas (D:8)
  2 worker ants
  A big kobold zombie (Ossuary)
  A hound zombie (D:9)
  3 hound skeletons
  A mummy (Ossuary)
  A worker ant zombie (D:6)
  2 gnolls
  3 adders
  2 shadow imps
  An ooze (D:4)
  3 adder zombies (Ossuary)
  A worm (D:3)
  A dart slug (D:2)
  A leopard gecko (D:5)
  3 orcs
  7 giant cockroaches
  3 goblins
  A hobgoblin (D:2)
  2 jackals
  A quokka (D:3)
  4 bats
  4 frilled lizards
  2 goblin zombies (Ossuary)
  2 hobgoblin zombies (Ossuary)
  3 kobolds
  5 kobold zombies (Ossuary)
  An orc zombie (Ossuary)
  A quokka zombie (Ossuary)
  2 rats
  2 rat zombies (Ossuary)
96 creatures vanquished.

Vanquished Creatures (collateral kills)
  A troll (D:9)
  4 yaks (D:10)
  A hungry ghost (D:10)
  2 orc warriors
  An ice beast (D:9)
  A black bear (D:9)
  A necrophage (D:9)
  3 phantoms
  2 ogres
  A centaur (D:5)
  A big kobold (D:5)
  6 bullfrogs
  2 scorpions
  5 killer bees (D:10)
  2 crimson imps
  2 centaur zombies (Ossuary)
  A jelly (D:9)
  4 hounds
  2 human zombies (Ossuary)
  A centaur skeleton (D:4)
  4 orc priests
  2 orc wizards
  4 iguanas
  3 worker ants
  A big kobold zombie (Ossuary)
  A hound zombie (Ossuary)
  2 mummies (Ossuary)
  9 gnolls
  8 adders
  A shadow imp (D:6)
  3 adder zombies
  2 adder skeletons
  A dart slug (D:1)
  7 leopard geckos
  15 orcs
  3 giant cockroaches (D:4)
  A gnoll zombie (Ossuary)
  4 goblins
  7 hobgoblins
  5 jackals
  5 kobolds
  2 quokkas
  4 bats
  4 frilled lizards
  A goblin zombie (Ossuary)
  A jackal zombie (Ossuary)
  A kobold zombie (Ossuary)
  4 quokka zombies
  6 rats
  A rat zombie (Ossuary)
155 creatures vanquished.

Vanquished Creatures (others)
  An unseen horror (D:10)
  A fungus (D:10)
2 creatures vanquished.

Grand Total: 253 creatures vanquished

Notes
Turn   | Place    | Note
-------+----------+-------------------------------------------
     0 | D:1      | Garbasso the Ogre Summoner began the quest for the Orb.
     0 | D:1      | Reached XP level 1. HP: 16/16 MP: 3/3
   309 | D:1      | Reached XP level 2. HP: 11/26 MP: 2/5
   589 | D:1      | Learned a level 2 spell: Call Imp
   676 | D:1      | Reached skill level 1 in Fighting
  1635 | D:2      | Reached XP level 3. HP: 33/33 MP: 7/7
  1640 | D:2      | Learned a level 3 spell: Call Canine Familiar
  1820 | D:2      | Noticed an air elemental
  1825 | D:2      | Found a stormy altar of Qazlal.
  1829 | D:2      | Noticed a water elemental
  1835 | D:2      | Noticed a fire elemental
  1835 | D:2      | Noticed an earth elemental
  2421 | D:3      | Reached skill level 2 in Fighting
  2421 | D:3      | Reached XP level 4. HP: 13/42 MP: 3/8
  3456 | D:4      | Noticed a phantom
  3579 | D:3      | Killed a phantom
  3579 | D:3      | Reached skill level 1 in Shields
  3579 | D:3      | Reached XP level 5. HP: 20/52 MP: 2/10
  3847 | D:4      | Reached skill level 3 in Fighting
  3865 | D:4      | Reached skill level 5 in Summonings
  3935 | D:4      | Reached XP level 6. HP: 47/61 MP: 11/11
  4024 | D:4      | Learned a level 4 spell: Summon Ice Beast
  4525 | D:4      | Found a snail-covered altar of Cheibriados.
  4618 | D:5      | Entered Level 5 of the Dungeon
  4820 | D:5      | Noticed a phantom
  4845 | D:5      | Killed a phantom
  5254 | D:5      | Reached skill level 1 in Ice Magic
  5254 | D:5      | Reached XP level 7. HP: 35/68 MP: 1/13
  5260 | D:5      | Learned a level 4 spell: Summon Lightning Spire
  5450 | D:5      | Found a white marble altar of Elyvilon.
  5472 | D:5      | Became a worshipper of Elyvilon the Healer
  5515 | D:5      | Found Ulialuvi's Gadget Shoppe.
  5557 | D:5      | Reached skill level 4 in Fighting
  6308 | D:6      | Found a sand-covered staircase.
  6347 | Ossuary  | Entered an ossuary
  6395 | Ossuary  | Reached XP level 8. HP: 67/79 MP: 3/15
  6750 | Ossuary  | Reached skill level 5 in Spellcasting
  7013 | D:6      | Reached skill level 5 in Fighting
  7340 | D:6      | Reached * piety under Elyvilon
  7347 | D:6      | Found a runed door.
  7351 | D:6      | Noticed Dissent's ghost (novice OpFi)
  7756 | D:6      | Found Ysuss's Assorted Antiques.
  7793 | D:6      | Found an iron altar of Okawaru.
  7812 | D:6      | Found a staircase to the Ecumenical Temple.
  7820 | Temple   | Entered the Ecumenical Temple
  7848 | Temple   | Fell from the grace of Elyvilon
  7848 | Temple   | Became a worshipper of Ashenzari the Shackled
  8068 | D:6      | Found a blossoming altar of Fedhas.
  8073 | D:6      | Found a deep blue altar of Sif Muna.
  8082 | D:6      | Found a shadowy altar of Dithmenos.
  8389 | D:7      | Got the short sword of Responsibility {pierce, +Inv rN+}
  8390 | D:7      | Identified the +5 short sword of Responsibility {pierce,
                  | +Inv rN+} (You found it on level 7 of the Dungeon)
  8509 | D:7      | Found a blossoming altar of Fedhas.
  8618 | D:7      | Reached skill level 1 in Air Magic
  8864 | D:7      | Reached skill level 6 in Fighting
  8869 | D:7      | Found a runed gate.
  8869 | D:7      | Noticed TheNamelessOne's ghost (novice OpCj)
  8892 | D:7      | Found a runed gate.
  8898 | D:7      | Found a runed gate.
  9159 | D:7      | Found a roughly hewn altar of Beogh.
  9248 | D:8      | Noticed a shadow
  9270 | D:7      | Killed a shadow
  9270 | D:7      | Reached XP level 9. HP: 12/89 MP: 3/17
 10103 | D:8      | Reached skill level 7 in Fighting
 10665 | D:9      | Found a runed gate.
 10667 | D:9      | Found a runed gate.
 10667 | D:9      | Found a runed gate.
 10668 | D:9      | Noticed heinrich's ghost (novice TrMo)
 10668 | D:9      | Noticed namelastname112's ghost (journeyman DrHu)
 10668 | D:9      | Noticed heinrich's ghost (novice OpEE)
 10668 | D:9      | Noticed mhoghedin's ghost (novice KoGl)
 10669 | D:9      | Noticed Ijustatesigmund's ghost (novice OpCj)
 11219 | D:9      | Reached skill level 5 in Shields
 11291 | D:9      | Noticed a troll
 11294 | D:9      | Reached * piety under Ashenzari
 11299 | D:9      | Killed a troll
 11344 | D:9      | Reached skill level 8 in Fighting
 11724 | D:9      | Found a burning altar of Makhleb.
 11978 | D:10     | Entered Level 10 of the Dungeon
 12305 | D:10     | Reached XP level 10. HP: 106/106 MP: 16/21
 12487 | D:10     | Found a staircase to the Lair.
 12742 | D:10     | Reached skill level 9 in Fighting
 13021 | D:10     | Noticed a gargoyle
 13038 | D:10     | Killed an unseen horror
 13055 | D:10     | Killed a gargoyle
 13060 | D:10     | Slain by a vampire

Vault maps used:
D:1:      eino_arrival_cavern_d, hangedman_decor_riveting, st_stairs_5
D:2:      nicolae_qazlal_style_of_elements
D:3:      first_ration, chequers_serial_rivers_large_a,
          minmay_tree_intersection, grunt_ministairs_3
D:4:      lemuel_round_altar
D:5:      elyvilon_altar_3, serial_shops, nicolae_shop_window_shopping
D:6:      minitemple, minmay_temple_entry_statues_fountains, enter_ossuary_5,
          ebering_ghost_sewer_d, kennysheep_diamond, okawaru_ov_weapons_minmay
D:7:      biasface_ghost_orc_armoury, fedhas_altar_3
D:9:      makhleb_blood_cavern_becter, gammafunk_ghost_cemetery
D:10:     grunt_lair_entry_orc_guard_hut, uniq_urug
Temple:   compressed_dpeg_circular_temple
Ossuary:  minmay_ossuary_two_tombs

Skill      XL: |  1  2  3  4  5  6  7  8  9 10 |
---------------+-------------------------------+-----
Fighting       | 1 2 3 4 6 8 9 |  9.2
Summonings     | 4 5 6 |  6.0
Spellcasting   | 3 4 5 7 8 |  8.2
Shields        | 1 2 4 5 6 |  6.5
Ice Magic      | 1 2 3 |  3.0
Air Magic      | 2 4 |  4.0
Dodging        | |  1.7
Stealth        | |  1.4

Action                   |  1- 3 |  4- 6 |  7- 9 | 10-12 || total
-------------------------+-------+-------+-------+-------++-------
Melee: Unarmed           |    41 |       |       |       ||    41
       Spear             |    64 |    94 |       |       ||   158
       Halberd           |       |    62 |   354 |    21 ||   437
       Short sword       |       |       |     2 |       ||     2
 Cast: Summon Small Mamm |    12 |     1 |     2 |       ||    15
       Call Imp          |    33 |    50 |    28 |       ||   111
       Summon Ice Beast  |       |     3 |    66 |     7 ||    76
       Call Canine Famil |       |     2 |    13 |     2 ||    17
       Summon Lightning  |       |       |     8 |    10 ||    18
Invok: Curse Item        |       |       |     3 |       ||     3
  Use: Scroll            |       |       |    20 |       ||    20
       Potion            |       |       |     1 |       ||     1
 Stab: Distracted        |       |     2 |     5 |       ||     7
       Sleeping          |       |     1 |     8 |       ||     9
  Eat: Chunk             |     7 |    11 |    18 |     3 ||    39
       Ration            |       |       |     6 |       ||     6
Armor: Robe              |    44 |    40 |    79 |    11 ||   174
Dodge: Dodged            |    60 |    64 |   178 |    14 ||   316

Table legend:
 A = Non-vault XP
 B = Vault XP
 C = Vault XP percentage of total XP
 D = Non-vault monster count
 E = Vault monster count
 F = Vault count percentage of total count
                 A         B        C        D         E       F
            +---------+---------+-------+---------+---------+-------
      Total |    5358 |     796 |  12.9 |     204 |      48 |  19.0
            +---------+---------+-------+---------+---------+-------
        D:1 |      26 |       4 |  13.3 |      21 |       4 |  16.0
        D:2 |      32 |       0 |   0.0 |      15 |       0 |   0.0
        D:3 |     166 |       3 |   1.8 |      20 |       2 |   9.1
        D:4 |     154 |       0 |   0.0 |      18 |       0 |   0.0
        D:5 |     601 |       0 |   0.0 |      31 |       0 |   0.0
        D:6 |     465 |       0 |   0.0 |      16 |       0 |   0.0
        D:7 |     599 |       0 |   0.0 |      20 |       0 |   0.0
        D:8 |     996 |       0 |   0.0 |      30 |       0 |   0.0
        D:9 |    1119 |     108 |   8.8 |      13 |       2 |  13.3
       D:10 |    1200 |     446 |  27.1 |      20 |       4 |  16.7
    Ossuary |       0 |     235 | 100.0 |       0 |      36 | 100.0
            +---------+---------+-------+---------+---------+-------
